 Dungeon Crawl Stone Soup version 0.26-a0-651-gb41185065b (webtiles) character file.

Game seed: 2400273250199014136

9839 DogServant the Carver (level 11, -13/72 HPs)
             Began as a Tengu Gladiator on Sept 29, 2020.
             Was a Priest of Makhleb.
             Mangled by a komodo dragon (28 damage)
             ... on level 2 of the Lair of Beasts.
             The game lasted 00:27:58 (12173 turns).

DogServant the Carver (Tengu Gladiator)            Turns: 12173, Time: 00:27:58

Health: -13/72     AC: 10    Str: 16    XL:     11   Next: 52%
Magic:  13/13      EV: 16    Int:  9    God:    Makhleb [***...]
Gold:   535        SH:  0    Dex: 23    Spells: 2/10 levels left

rFire    + . .     SeeInvis .   p - +4 long sword
rCold    + . .     Faith    .   (no shield)
rNeg     . . .     Spirit   .   R - +2 scale mail {MR+}
rPois    .         Reflect  .   c - +1 hat
rElec    .         Harm     .   n - scarf {rC+ rF+}
rCorr    .         Rampage  .   (no gloves)
MR       ++...                  (boots unavailable)
Stlth    +.........             (no amulet)
HPRegen  0.22/turn              g - +6 ring of dexterity
MPRegen  0.13/turn              l - ring of protection from magic

@: flying quickly and evasively, studying Translocations, quick
A: beak, talons 3, able to fly
a: Stop Flying, Minor Destruction, Lesser Servant of Makhleb, Renounce Religion


You were on level 2 of the Lair of Beasts.
You worshipped Makhleb.
Makhleb was most pleased with you.
You visited 3 branches of the dungeon, and saw 13 of its levels.

You collected 730 gold pieces.
You spent 195 gold pieces at shops.

Inventory:

Hand Weapons
 a - a +0 long sword
 p - a +4 long sword (weapon)
 N - a +2 fustibalus of freezing
 O - the +6 shillelagh "Devastator" {shatter}
   (You found it on level 9 of the Dungeon)
Missiles
 u - 18 poisoned darts (quivered)
Armour
 c - a +1 hat (worn)
 h - the +10 scale mail of Ataupt {rF+ rN++ Regen+ Dex-4}
   (You found it on level 9 of the Dungeon)

   It affects your dexterity (-4).
   It protects you from fire.
   It greatly protects you from negative energy.
   It increases your rate of regeneration.
 i - a +0 ring mail
 n - a scarf of resistance (worn)
 R - a +2 scale mail of magic resistance (worn)
Jewellery
 d - an uncursed ring of protection from magic
 g - a +6 ring of dexterity (left hand)
 l - a ring of protection from magic (right hand)
 z - an uncursed ring of magical power
 E - an uncursed ring of magical power
 I - an uncursed ring of fire
 L - an uncursed ring of stealth
Wands
 s - a wand of enslavement (7)
 A - a wand of iceblast (2)
 B - a wand of acid (17)
 D - a wand of paralysis (2)
 F - a wand of disintegration (10)
 J - a wand of polymorph (9)
Scrolls
 b - 6 scrolls of teleportation
 e - a scroll of enchant weapon
 f - 8 scrolls of remove curse
 o - 3 scrolls of amnesia
 x - 5 scrolls of immolation
 y - a scroll of noise
 H - a scroll of enchant armour
 P - a scroll of magic mapping
 Q - a scroll of identify
 T - 3 scrolls of vulnerability {unknown}
Potions
 j - 2 potions of flight
 k - 5 potions of curing
 m - 3 potions of haste
 q - 2 potions of resistance
 r - 2 potions of degeneration
 t - a potion of mutation
 v - 6 potions of brilliance
 C - a potion of berserk rage
 G - 2 potions of invisibility {unknown}
 K - 2 potions of might {unknown}
 S - a potion of cancellation {unknown}
Books
 M - a manual of Translocations


   Skills:
 + Level 9.9 Fighting
 + Level 11.6 Long Blades
 - Level 2.0 Throwing
 + Level 6.6 Armour
 - Level 5.0 Dodging
 + Level 9.5 Air Magic
 + Level 2.0 Invocations
 + Level 2.1 Evocations


You had 2 spell levels left.
You knew the following spells:

 Your Spells              Type           Power        Failure   Level
a - Swiftness             Air            ###.....     3%          2
b - Blink                 Tloc           N/A          89%         2
c - Airstrike             Air            ###.......   26%         4

Your spell library contained the following spells:

 Spells                   Type           Power        Failure   Level
 Shock                    Conj/Air       #...         19%         1
 Pain                     Necr           #...         78%         1
 Static Discharge         Conj/Air       #.......     50%         3
 Gell's Gravitas          Tloc           #.........   98%         3
 Lesser Beckoning         Tloc           #.........   98%         3
 Teleport Other           Tloc           #.......     98%         3
 Lightning Bolt           Conj/Air       #.........   99%         5
 Passage of Golubria      Tloc           N/A          100%        4


Dungeon Overview and Level Annotations

Branches:
Dungeon (10/15)            Temple (1/1) D:6            Lair (2/6) D:9
  Swamp: Lair:2-4    Shoals: Lair:2-4     Snake: Lair:2-4    Spider: Lair:2-4
    Orc: D:9-12

Altars:
Ashenzari
Cheibriados
Dithmenos
Elyvilon
Fedhas
Gozag
Hepliaklqana
Kikubaaqudgha
Makhleb
Nemelex Xobeh
Okawaru
Qazlal
Ru
Sif Muna
Trog
Uskayaw
Vehumet
Wu Jian
Xom
Yredelemnul
Zin
The Shining One

Shops:
D:9 }![}

Annotations:
D:10 Josephine


Innate Abilities, Weirdness & Mutations

You have a beak for a mouth.
You have claws for feet.
You can fly continuously.


Message History

Your Invocations skill increases to level 2!
The komodo dragon bites you.
* * * LOW HITPOINT WARNING * * *
You slash the komodo dragon!
You claw the komodo dragon, but do no damage.
Your peck misses the komodo dragon.
The komodo dragon is heavily wounded.
You hit the komodo dragon. You claw the komodo dragon.
You peck the komodo dragon.
The komodo dragon is heavily wounded.
The komodo dragon misses you.
You barely miss the komodo dragon.
You claw the komodo dragon, but do no damage.
Your peck misses the komodo dragon.
The komodo dragon is heavily wounded.
The komodo dragon closely misses you.
You slash the komodo dragon!
The komodo dragon is almost dead.
The komodo dragon bites you!!
You die...

..#########.
.#.#......
........ ..?.
⌠..<.. ...⌠ ....
.... ..... ...H
##.. ...##
#....#.†###
.....#
#......@l##...#
..#...###......#
##....†....##.#
##.......##
##..<..##
.....#...#.....
..........#.#+#
#...PP........
##.##.##P.P#.#


You could see a komodo dragon.

Vanquished Creatures
  Erolcha (D:9)
  2 two-headed ogres
  A cane toad (Lair:1)
  3 trolls
  Grinder (D:5)
  4 hippogriffs
  Sigmund (D:6)
  4 yaks (Lair:2)
  Grum (D:10)
  Menkaure (D:4)
  Duvessa (D:5)
  5 water moccasins
  A porcupine (Lair:1)
  A sky beast (D:7)
  An ice beast (D:9)
  3 orc warriors
  2 black bears
  5 ogres
  2 phantoms
  6 wolves
  5 centaurs
  2 crocodiles (Lair:1)
  8 bullfrogs
  Dowan (D:5)
  3 scorpions
  4 killer bees
  A wight (D:9)
  4 howler monkeys (D:9)
  5 hounds
  2 bullfrog skeletons (D:9)
  7 orc priests
  5 orc wizards
  A centaur skeleton (D:9)
  An iguana (D:6)
  4 worker ants
  A killer bee zombie (D:7)
  A hound zombie (D:6)
  2 hound skeletons
  3 gnolls (D:8)
  8 adders
  3 shadow imps
  2 ufetubi
  2 oozes
  An adder zombie (D:9)
  4 worms
  A dart slug (D:1)
  7 leopard geckos
  27 orcs
  5 bats (D:2)
  6 giant cockroaches
  10 goblins
  4 hobgoblins
  7 jackals
  2 quokkas
  5 frilled lizards
  12 kobolds
  A leopard gecko skeleton (D:4)
  10 rats
223 creatures vanquished.

Vanquished Creatures (collateral kills)
  A gnoll shaman (D:8)
1 creature vanquished.

Vanquished Creatures (others)
  A fungus (Lair:2)
1 creature vanquished.

Grand Total: 225 creatures vanquished

Notes
Turn   | Place    | Note
-------+----------+-------------------------------------------
     0 | D:1      | DogServant the Tengu Gladiator began the quest for the Orb.
     0 | D:1      | Reached XP level 1. HP: 12/12 MP: 2/2
   173 | D:1      | Reached XP level 2. HP: 17/17 MP: 3/3
   785 | D:1      | Reached XP level 3. HP: 12/21 MP: 4/4
   786 | D:1      | Reached skill level 4 in Long Blades
  1415 | D:2      | Reached XP level 4. HP: 26/26 MP: 5/5
  2137 | D:3      | Reached skill level 5 in Long Blades
  2137 | D:3      | Reached skill level 5 in Dodging
  2137 | D:3      | Gained mutation: You can fly continuously. [Tengu growth]
  2137 | D:3      | Reached XP level 5. HP: 30/30 MP: 6/6
  2685 | D:3      | Reached skill level 1 in Armour
  2918 | D:4      | Found a glowing golden altar of the Shining One.
  2921 | D:4      | Reached XP level 6. HP: 28/36 MP: 7/7
  3115 | D:4      | Noticed Menkaure
  3124 | D:4      | Killed Menkaure
  3167 | D:4      | Reached skill level 6 in Long Blades
  3167 | D:4      | Reached XP level 7. HP: 41/41 MP: 8/8
  3686 | D:4      | Found a radiant altar of Vehumet.
  3719 | D:4      | Found a broken altar of Ashenzari.
  3764 | D:4      | Found a shimmering blue altar of Sif Muna.
  3764 | D:4      | Found an ancient bone altar of Kikubaaqudgha.
  3768 | D:4      | Identified Kikubaaqudgha's Tome of Darkness
  3899 | D:5      | Entered Level 5 of the Dungeon
  3932 | D:5      | Noticed Grinder
  4038 | D:6      | Found a staircase to the Ecumenical Temple.
  4163 | D:6      | Found a blossoming altar of Fedhas.
  4188 | D:6      | Noticed Sigmund
  4362 | D:6      | Killed Sigmund
  4489 | D:6      | Reached XP level 8. HP: 40/48 MP: 9/9
  4778 | Temple   | Entered the Ecumenical Temple
  5000 | Temple   | Became a worshipper of Makhleb the Destroyer
  5203 | D:7      | Reached skill level 7 in Long Blades
  5254 | D:7      | Reached skill level 5 in Fighting
  5276 | D:7      | Reached skill level 5 in Armour
  5754 | D:7      | Found a sacrificial altar of Ru.
  5897 | D:7      | Reached * piety under Makhleb
  5897 | D:7      | Reached skill level 8 in Long Blades
  5979 | D:7      | Found a hazy altar of Hepliaklqana.
  6024 | D:8      | Noticed a hippogriff
  6045 | D:8      | Reached XP level 9. HP: 55/55 MP: 10/10
  6315 | D:8      | Learned a level 2 spell: Swiftness
  6318 | D:8      | Learned a level 2 spell: Blink
  6323 | D:8      | Noticed a two-headed ogre
  6383 | D:8      | Reached skill level 1 in Air Magic
  6610 | D:8      | Killed a two-headed ogre
  6610 | D:8      | Reached skill level 9 in Long Blades
  6620 | D:8      | Learned a level 4 spell: Airstrike
  6904 | D:8      | Noticed a troll
  6914 | D:8      | Killed a troll
  7223 | D:9      | Found Teci's Armour Shop.
  7228 | D:9      | Noticed Erolcha
  7228 | D:9      | Noticed a troll
  7240 | D:9      | Found Elluxyxt's Distillery.
  7301 | D:9      | Reached skill level 5 in Air Magic
  7305 | D:9      | Killed Erolcha
  7305 | D:9      | Reached skill level 10 in Long Blades
  7305 | D:9      | Reached XP level 10. HP: 64/64 MP: 11/11
  7432 | D:9      | Noticed a two-headed ogre
  7438 | D:9      | Found a staircase to the Lair.
  8145 | D:5      | Noticed Duvessa
  8148 | D:5      | Noticed Dowan
  8156 | D:5      | Killed Duvessa
  8183 | D:5      | Killed Dowan
  8626 | D:5      | Killed Grinder
  9372 | D:9      | Reached ** piety under Makhleb
  9527 | D:9      | Found Anishritt's Gadget Shop.
  9802 | D:9      | Killed a two-headed ogre
  9802 | D:9      | Reached skill level 11 in Long Blades
  9806 | D:9      | Found the +6 shillelagh "Devastator" {shatter}
  9868 | D:9      | Got an ichor-stained scale mail
  9938 | D:9      | Reached XP level 11. HP: 71/71 MP: 12/12
 10056 | D:9      | Found an opulent altar of Gozag.
 10296 | D:9      | Identified the +10 scale mail of Ataupt {rF+ rN++ Regen+
                  | Dex-4} (You found it on level 9 of the Dungeon)
 10439 | D:9      | Found Wuhapaoc's Gadget Shop.
 10445 | D:9      | Bought a wand of disintegration (11) for 195 gold pieces
 10485 | D:10     | Entered Level 10 of the Dungeon
 10507 | D:10     | Noticed Grum
 10516 | D:10     | Killed Grum
 10935 | D:10     | Reached skill level 1 in Evocations
 10958 | D:10     | Noticed Josephine
 11042 | Lair:1   | Entered Level 1 of the Lair of Beasts
 11122 | Lair:1   | Reached skill level 1 in Invocations
 11354 | Lair:1   | Reached *** piety under Makhleb
 12173 | Lair:2   | Mangled by a komodo dragon

Illustrated notes

Levels and vault maps discovered:
D:1:      lightli_arrival_lavapool, layout_loops_ring
D:2:      layout_loops_ring
D:3:      layout_loops_ring, kennysheep_flooded_box, st_stairs_9
D:4:      layout_loops_ring, grunt_temple_overflow_magic_moments,
          lemuel_coloured_pillars_altar, lemuel_doored_altar, uniq_menkaure
D:5:      layout_loops_ring, gup_sewer_entry_glass, uniq_grinder, uniq_duvessa
D:6:      layout_loops_corners, fedhas_bush_and_centaur_altar, temple_doors_e,
          uniq_sigmund
D:7:      layout_cave_pools, marbit_many_paths, overflow_temple_1_default
D:8:      layout_rooms
D:9:      minmay_the_grid_octo_tiled_octocenter [minmay_the_grid_octo_clover_2,
          minmay_the_grid_octo_checkerflower, minmay_the_grid_octo_odd_swirl,
          minmay_the_grid_octo_empty,
          minmay_the_grid_octo_prize_ultimate_mussel_roller,
          minmay_the_grid_square_5x5_two, minmay_the_grid_square_5x5_minimal,
          minmay_the_grid_square_5x5_plus,
          minmay_the_grid_square_5x5_gyroscope], layout_rooms,
          lemuel_round_altar, serial_shops, shop, kennysheep_mini_moat,
          nicolae_shop_statue_plus, kennysheep_little_box, uniq_erolcha
D:10:     layout_stronghold, uniq_urug, uniq_snorg, uniq_grum, uniq_josephine
Temple:   nicolae_temple_figure_eight
Lair:1:   layout_concentric_octagons
Lair:2:   layout_chaotic_city, grunt_megastairs_5

Skill      XL: |  1  2  3  4  5  6  7  8  9 10 11 |
---------------+----------------------------------+-----
Long Blades    | 4 5 6 8 10 11 | 11.6
Dodging        | 4 5 |  5.0
Armour         | 1 2 4 6 |  6.6
Fighting       | 3 4 6 8 9 |  9.9
Air Magic      | 6 8 9 |  9.5
Evocations     | 2 |  2.1
Invocations    | 2 |  2.0
Throwing       | |  2.0

Action                   |  1- 3 |  4- 6 |  7- 9 | 10-12 || total
-------------------------+-------+-------+-------+-------++-------
Melee: Long sword        |    51 |    98 |   149 |   193 ||   491
       Kick              |    17 |    27 |    73 |   116 ||   233
       Peck              |     5 |    15 |    47 |    65 ||   132
       Shillelagh        |       |       |       |    33 ||    33
Throw: Throwing net      |       |     2 |     2 |       ||     4
       Dart              |       |       |    26 |       ||    26
 Cast: Swiftness         |       |       |       |     3 ||     3
 Abil: Fly               |       |       |     1 |       ||     1
Evoke: Wand              |       |       |     2 |    12 ||    14
  Use: Scroll            |     3 |     2 |    14 |     5 ||    24
       Potion            |       |     1 |     2 |     2 ||     5
 Stab: Sleeping          |       |     2 |     3 |     1 ||     6
       Held in net/web   |       |     2 |       |       ||     2
       Distracted        |       |     1 |       |     1 ||     2
Armor: Leather armour    |     9 |     6 |    22 |     6 ||    43
       Skin              |       |    27 |    25 |       ||    52
       Scale mail        |       |       |       |    34 ||    34
       Ring mail         |       |       |       |     5 ||     5
Dodge: Dodged            |    46 |    55 |   143 |   214 ||   458
       Rpst.: Long sword |    16 |    15 |    22 |    50 ||   103

Table legend: (Time is in decaauts)
 A = Elapsed time spent in this place.
 B = Non-inter-level travel time spent in this place.
 C = Inter-level travel time spent in this place.
 D = Time resting spent in this place.
 E = Time spent auto-exploring this place.
 F = Levels seen in this place.
 G = Mean time per level.
                   A        B        C        D        E       F      G
               +--------+--------+--------+--------+--------+-----+--------+
         Total |  11767 |  11152 |    615 |   2073 |   7097 |  13 |  905.2 |
       Dungeon |  10491 |   9961 |    530 |   2073 |   6041 |  10 | 1049.1 |
        Temple |    241 |    204 |     37 |      0 |    167 |   1 |  241.0 |
          Lair |   1034 |    986 |     48 |      0 |    888 |   2 |  517.0 |
               +--------+--------+--------+--------+--------+-----+--------+

Top non-repeatable levels by time:
     D:8: 1487 daAuts
     D:5: 1253 daAuts
     D:6: 1226 daAuts
     D:1: 1221 daAuts
     D:9: 1209 daAuts
     D:4: 1095 daAuts
  Lair:1: 996 daAuts
     D:2: 898 daAuts
     D:7: 853 daAuts
     D:3: 758 daAuts
    D:10: 486 daAuts
  Temple: 241 daAuts
  Lair:2: 38 daAuts
